 Dungeon Crawl Stone Soup version 0.21.1-1-g345015f (webtiles) character file.

119 suicidejoker the Insei (level 5, 0/34 HPs)
             Began as an Octopode Transmuter on Mar 29, 2018.
             Slain by an orc
             ... wielding a +0 flail
              (3 damage)
             ... on level 3 of the Dungeon.
             The game lasted 00:03:07 (2621 turns).

suicidejoker the Insei (Octopode Transmuter)        Turns: 2621, Time: 00:03:07

Health: 0/34       AC:  1    Str: 10    XL:     5   Next: 3%
Magic:  8/8        EV: 16    Int: 15    God:
Gold:   119        SH:  0    Dex: 13    Spells: 7/8 levels left

rFire    . . .     SeeInvis .   k - +2 short sword (elec)
rCold    . . .     Gourm    .   (no shield)
rNeg     . . .     Faith    .   (helmet restricted)
rPois    .         Spirit   .   (no amulet)
rElec    .         Reflect  .   d - +2 ring of evasion
rCorr    .         Harm     .   (no ring)
MR       .....                  (no ring)
Stlth    +++.......             (no ring)
HPRegen  0.11/turn              (no ring)
MPRegen  0.11/turn              (no ring)
                                (no ring)
                                (no ring)

@: flying
A: almost no armour, stealthy swim, amphibious, 8 rings, constrict 8, camouflage
1, gelatinous body 1
a: no special abilities


You were on level 3 of the Dungeon.
You were very hungry.

You visited 1 branch of the dungeon, and saw 3 of its levels.

You collected 119 gold pieces.

Inventory:

Hand Weapons
 k - a +2 short sword of electrocution (weapon)
Missiles
 a - 27 arrows
 e - 145 stones (quivered)
 h - 25 bolts
 j - 32 sling bullets
Jewellery
 d - a +2 ring of evasion (left tentacle)
Wands
 u - a wand of random effects (20)
Scrolls
 f - 2 scrolls of identify {unknown}
 i - 2 scrolls of random uselessness {unknown}
 l - 2 scrolls of magic mapping {unknown}
 n - a scroll of remove curse {unknown}
 t - a scroll of teleportation {unknown}
 w - a scroll of amnesia {unknown}
Potions
 o - a potion of magic {unknown}
 p - a potion of might {unknown}
 q - a potion of heal wounds {unknown}
 r - a potion of ambrosia {unknown}
 s - a potion of brilliance {unknown}
 v - a potion of invisibility {unknown}
 x - a potion of berserk rage {unknown}
Books
 b - a book of Changes

   Spells                             Type                      Level
   a - Beastly Appendage              Transmutation                1
   b - Sticks to Snakes               Transmutation                2
   c - Spider Form                    Transmutation/Poison         3
   d - Ice Form                       Ice/Transmutation            4
   e - Blade Hands                    Transmutation                5
Comestibles
 c - 10 rations


   Skills:
 + Level 1.7 Fighting
 * Level 1.4 Short Blades
 + Level 1.1 Throwing
 + Level 2.4 Dodging
 * Level 2.8 Stealth
 + Level 3.3 Unarmed Combat
 + Level 2.2 Spellcasting
 + Level 2.4 Transmutations


You had 7 spell levels left.
You knew the following spells:

 Your Spells              Type           Power        Failure   Level  Hunger
a - Beastly Appendage     Tmut           #.....       8%          1    #......


Dungeon Overview and Level Annotations

Branches:
Dungeon (3/15)

Altars:
Gozag


Innate Abilities, Weirdness & Mutations

You cannot wear most types of armour.
You are very stealthy in the water. (Stealth+)
You are amphibious.
You can wear up to eight rings at the same time.
You can use your tentacles to constrict eight enemies at once.
Your skin changes colour to match your surroundings (Stealth+).
Your rubbery body absorbs attacks. (AC +1, EV +1)


Message History

You have reached level 5!
You feel stronger.
You feel sick.
You hit the orc. Lightning courses through the orc!
You kill the orc!
You feel sick. The orc closely misses you.
You closely miss the orc. Your grab misses the orc.
You feel sick.
You hit the orc. Your grab misses the orc.
The orc is moderately wounded.
The orc hits you with a flail!
* * * LOW HITPOINT WARNING * * *
It was a potion of curing.
You feel better. The orc hits you with a flail!
* * * LOW HITPOINT WARNING * * *
Okay, then.
Okay, then.
It was a potion of flight.
You feel very buoyant.
You fly up into the air.
The orc hits you with a flail.
You die...

#....###.#####....
#...##.....##.....
###.#.8...8.#.###.
#.#.......#.# #.
#....._.....# #.
###.......### ##
#.8...8.# #
.###.########.....##
........@oo.###.###
.###.#####..###.##.#
#..oo...........#
.o........########
##..<........
########......
###############
#...........
#...........


You could see an orc wizard and an orc.

Vanquished Creatures
  4 adders
  4 worms
  3 dart slugs
  2 leopard geckos
  An orc (D:3)
  2 ball pythons
  5 giant cockroaches
  10 goblins
  8 hobgoblins
  2 jackals (D:2)
  A quokka (D:3)
  5 bats
  4 frilled lizards
  3 kobolds
  8 rats
62 creatures vanquished.

Notes
Turn   | Place    | Note
-------+----------+-------------------------------------------
     0 | D:1      | suicidejoker the Octopode Transmuter began the quest for the Orb.
     0 | D:1      | Reached XP level 1. HP: 13/13 MP: 3/3
     4 | D:1      | Noticed an elf
     7 | D:1      | Noticed a gargoyle
    10 | D:1      | Noticed an octopode
    12 | D:1      | Noticed a minotaur zombie
    18 | D:1      | Noticed a naga
    18 | D:1      | Noticed a human
   120 | D:1      | Reached skill level 1 in Stealth
   120 | D:1      | Reached XP level 2. HP: 6/18 MP: 5/5
   469 | D:1      | Reached XP level 3. HP: 23/23 MP: 6/6
  1445 | D:2      | Reached skill level 1 in Short Blades
  1503 | D:2      | Reached XP level 4. HP: 28/28 MP: 7/7
  1688 | D:2      | Reached skill level 1 in Throwing
  2108 | D:3      | Found an opulent altar of Gozag.
  2613 | D:3      | Reached XP level 5. HP: 19/33 MP: 8/8
  2621 | D:3      | Slain by an orc

Skill      XL: |  1  2  3  4 |
---------------+-------------+-----
Stealth        | 1 2 |  2.8
Short Blades   | 1 |  1.4
Throwing       | 1 |  1.1
Fighting       | |  1.7
Dodging        | |  2.4
Unarmed Combat | |  3.3
Spellcasting   | |  2.2
Transmutations | |  2.4

Action                   |  1- 3 |  4- 6 || total
-------------------------+-------+-------++-------
Melee: Unarmed           |     8 |       ||     8
       Dagger            |    10 |       ||    10
       Tentacles         |    15 |     4 ||    19
       Constrict         |    20 |    12 ||    32
       Short sword       |    48 |    47 ||    95
  Use: Potion            |       |     2 ||     2
 Stab: Sleeping          |    11 |     7 ||    18
  Eat: Chunk             |     2 |     2 ||     4
Armor: Skin              |     6 |     1 ||     7
Dodge: Dodged            |    48 |    29 ||    77
